AoeStats
← miguelon01

Black Forest

509439914Analyzed
4v4 RM · 5d ago on Sep 26, 2026· 51m 37s· 8 players
Game mode
Random Map
Map size
Large (8 player)
Population
200
Speed
Normal
Resources
Standard
Victory
Conquest
Starting age
Dark Age
Ending age
Imperial Age
RankedLock teamsTeams togetherTeam positionsShared explorationLock speedFull tech treeHidden civsTurbo modeCheats
Victory
Defeat
🇲🇽 Britons · Mexico
1163
+14
🇫🇷 Turks · France
1141
+14
🇨🇱 Teutons · Chile
1126
+15
🇦🇷 Franks · Argentina
1117
+15
🇧🇷 Vietnamese · Brazil
1191
-17
🇮🇳 Armenians · India
1186
-18
🇮🇹 Franks · Italy
1183
-17
🇻🇪 Romans · Venezuela
865
-17
JR | jromano
0:46 Loom
13:44 Feudal Age
17:48 Castle Age
17:07 Horse Collar
17:15 Double-Bit Axe
19:18 Heavy Plow
27:49 Wheelbarrow
28:13 Bow Saw
27:57 Gold Mining
28:34 Town Watch
29:21 Hand Cart
29:01 Stone Mining
29:37 Fletching
29:48 Padded Archer Armor
30:56 Gold Shaft Mining
34:23 Imperial Age
32:21 Bodkin Arrow
32:41 Leather Archer Armor
32:38 Forging
35:57 Yeomen
34:58 Elite Longbowman
36:14 Hoardings
36:23 Bracer
37:31 Conscription
38:38 Ring Archer Armor
38:08 Scale Mail Armor
38:45 Iron Casting
38:50 Caravan
39:30 Squires
39:15 Pikeman
40:49 Chain Mail Armor
39:59 Halberdier
43:09 Blast Furnace
42:40 Plate Mail Armor
45:59 Fortified Wall
46:10 Ballistics
46:50 Chemistry
45:32 Treadmill Crane
45:47 Murder Holes
Sargez
0:45 Loom
14:21 Feudal Age
23:37 Double-Bit Axe
26:35 Castle Age
25:43 Stone Mining
25:44 Gold Mining
25:37 Horse Collar
30:04 Bow Saw
33:25 Scale Mail Armor
40:21 Wheelbarrow
39:49 Heavy Plow
44:34 Imperial Age
42:52 Forging
42:58 Chain Mail Armor
44:41 Hand Cart
45:28 Fortified Wall
45:41 Elite Teutonic Knight
46:42 Conscription
49:03 Iron Casting
48:59 Plate Mail Armor
49:56 Cavalier
50:47 Bloodlines
loicreste
4:03 Loom
15:01 Feudal Age
15:29 Horse Collar
15:36 Double-Bit Axe
16:02 Gold Mining
19:47 Castle Age
21:22 Bow Saw
21:17 Heavy Plow
22:07 Gold Shaft Mining
24:44 Imperial Age
23:36 Wheelbarrow
47:55 Hand Cart
48:18 Coinage
47:48 Caravan
48:01 Forging
47:58 Scale Barding Armor
47:53 Scale Mail Armor
1979
11:02 Feudal Age
15:04 Castle Age
15:44 Double-Bit Axe
18:09 Bow Saw
26:37 Imperial Age
25:33 Wheelbarrow
24:44 Loom
24:45 Town Watch
24:57 Gold Mining
25:35 Scale Barding Armor
25:41 Forging
26:37 Chain Barding Armor
26:56 Gold Shaft Mining
26:32 Stone Mining
26:44 Husbandry
26:43 Cavalier
28:01 Iron Casting
28:15 Paladin
30:31 Town Patrol
30:55 Hand Cart
31:43 Plate Barding Armor
32:09 Blast Furnace
32:31 Chemistry
33:24 Fletching
36:11 Caravan
38:32 Bodkin Arrow
39:00 Light Cavalry
42:35 Scale Mail Armor
42:02 Pikeman
42:42 Squires
42:28 Arson
42:29 Gambesons
43:38 Chain Mail Armor
43:23 Padded Archer Armor
45:06 Plate Mail Armor
Tikka Masala
1:19 Loom
15:20 Feudal Age
16:25 Double-Bit Axe
19:48 Castle Age
23:23 Bow Saw
29:55 Wheelbarrow
29:36 Scale Barding Armor
30:02 Gold Mining
30:56 Scale Barding Armor
34:20 Imperial Age
32:07 Hand Cart
32:03 Husbandry
32:23 Chain Barding Armor
33:52 Forging
34:34 Cavalier
36:12 Plate Barding Armor
36:41 Iron Casting
36:07 Paladin
41:13 Blast Furnace
Mandalore
12:30 Feudal Age
10:46 Loom
17:12 Horse Collar
17:21 Double-Bit Axe
23:52 Castle Age
22:43 Fletching
22:57 Horse Collar
23:10 Town Watch
23:27 Man-at-Arms
27:15 Forging
26:28 Long Swordsman
28:00 Fortified Wall
29:06 Bloodlines
28:17 Light Cavalry
28:58 Husbandry
31:01 Squires
38:55 Fervor
39:33 Heavy Plow
40:33 Iron Casting
39:59 Scale Mail Armor
44:12 Scale Barding Armor
46:25 Wheelbarrow
51:41 Scale Barding Armor
miguelon01
0:27 Loom
14:30 Feudal Age
20:49 Castle Age
19:22 Double-Bit Axe
19:19 Horse Collar
25:17 Stone Mining
27:44 Wheelbarrow
31:08 Bow Saw
30:59 Heavy Plow
30:54 Gold Mining
34:29 Imperial Age
32:24 Fortified Wall
33:17 Bloodlines
33:15 Treadmill Crane
33:52 Forging
33:48 Scale Barding Armor
34:31 Bloodlines
34:22 Husbandry
36:00 Crop Rotation
36:25 Elite Battle Elephant
40:58 Chain Barding Armor
41:14 Iron Casting
SKULLBLAZER
7:22 Loom
10:54 Feudal Age
15:55 Castle Age
14:11 Gold Mining
14:09 Double-Bit Axe
14:37 Horse Collar
18:11 Bow Saw
23:34 Wheelbarrow
24:48 Gold Mining
25:03 Scale Mail Armor
25:49 Forging
26:22 Chain Mail Armor
26:16 Man-at-Arms
26:42 Gambesons
26:58 Squires
26:43 Arson
28:10 Iron Casting
27:01 Long Swordsman
30:27 Imperial Age
27:46 Two-Handed Swordsman
39:13 Elite Skirmisher
40:27 Plate Mail Armor
40:58 Blast Furnace
39:50 Fletching
40:25 Capped Ram
41:43 Siege Ram
46:03 Imperial Skirmisher
47:40 Bodkin Arrow
47:45 Padded Archer Armor
47:17 Pikeman
47:34 Champion
49:44 Ballistics
50:25 Chemistry
49:39 Bracer
49:54 Leather Archer Armor
51:54 Ring Archer Armor
Connection lost

Rejoining the realm…

Still unreachable

The connection could not be restored.

Session expired

The server has moved on; the page needs a fresh start.